 Dungeon Crawl Stone Soup version 0.31.0-11-ge490571c62 (webtiles) character file.

Game seed: 1555736769858355334

2626 Killerpretzel the Changeling (level 9, -1/47 HPs)
             Began as an Octopode Shapeshifter on Feb 9, 2024.
             Slain by a gnoll sergeant
             ... wielding a +0 spear
              (10 damage)
             ... on level 7 of the Dungeon.
             The game lasted 00:26:33 (7375 turns).

Killerpretzel the Changeling (OpSh)                 Turns: 7375, Time: 00:26:34

Health: -1/47      AC:  1    Str: 13    XL:     9   Next: 60%
Magic:  9/9        EV: 20    Int: 13    God:
Gold:   265        SH:  0    Dex: 15    Spells: 8/8 levels left

rFire   + + .        m - melded +4 short sword (elec)
rCold   + . .        l - melded +2 buckler
rNeg    . . .        (helmet restricted)
rPois   +            (no amulet)
rElec   +            i - ring of protection from fire
rCorr   +            z - +5 ring of evasion
SInv    .            (no ring)
Will    .....        (no ring)
Stlth   ++           (no ring)
HPRegen 0.27/turn    (no ring)
MPRegen 0.11/turn    (no ring)
                     (no ring)

%: no passive effects
@: confused, blade tentacles, resistant, ambrosia-drunk, on berserk cooldown
A: reduced hp, almost no armour, amphibious, 8 rings, camouflage 1, gelatinous
body 1, (nimble swimmer 1), tentacles
a: Begin Untransformation


You were on level 7 of the Dungeon.
You had blades for main tentacles.
You visited 1 branch of the dungeon, and saw 7 of its levels.

You collected 265 gold pieces.

Inventory:

Hand Weapons
 m - a +4 short sword of electrocution (melded)
 x - the +0 trident "Orb Guardian's Foe" {freeze, rPois rC- Int+5}
   (You found it on level 4 of the Dungeon)

   Int+5:     It affects your intelligence (+5).
   rC-:       It makes you vulnerable to cold.
   rPois:     It protects you from poison
Missiles
 a - 3 boomerangs (quivered)
Armour
 l - a +2 buckler (melded)
 A - the +0 tower shield of Loenu {Dex+4}
   (You found it on level 5 of the Dungeon)

   Dex+4:     It affects your dexterity (+4).
Jewellery
 i - a ring of protection from fire (left blade tentacle)
 o - an amulet of regeneration
 z - a +5 ring of evasion (right blade tentacle)
Talismans
 b - a beast talisman
 c - a flux talisman
 g - a blade talisman (active)
Scrolls
 d - 3 scrolls of amnesia
 j - a scroll of blinking
 t - 2 scrolls of vulnerability
Potions
 h - a potion of invisibility
 k - a potion of haste
 r - a potion of brilliance
 s - a potion of mutation


   Skills:
 + Level 5.4 Fighting
 + Level 5.8 Dodging
 + Level 3.3 Shields
 + Level 6.2 Unarmed Combat
 * Level 7.7 Shapeshifting


You had 8 spell levels left.
You didn't know any spells.
Your spell library contained the following spells:

 Spells                   Type           Power      Damage    Failure   Level
 Call Imp                 Summ           0%         N/A       43%         2
 Sublimation of Blood     Necr           0%         N/A       43%         2
 Stone Arrow              Conj/Erth      0%         3d7       67%         3
 Summon Hydra             Summ           0%         N/A       100%        7
 Lehudib's Crystal Spear  Conj/Erth      0%         10d2      100%        8
 Animate Armour           Summ/Erth      Unusable   N/A       N/A         4

Dungeon Overview and Level Annotations

Branches:
Dungeon (7/15)             Temple (0/1) D:7

Altars:
Kikubaaqudgha
Trog
Wu Jian
Yredelemnul
The Shining One

Shops:
D:2 [   D:3 !   D:5 *


Innate Abilities, Weirdness & Mutations

You have blades for main tentacles.
Your maximum health is decreased, since you lack skill for your form.
You are incapable of wielding weapons or throwing items.
You cannot wear most types of armour.
You are amphibious.
You can wear up to eight rings at the same time.
Your skin changes colour to match your surroundings (Stealth+).
Your rubbery body absorbs attacks. (AC +1, EV +1)
((You are camouflaged when in or above water. (Stealth+)))
You have tentacles for arms and can constrict up to eight enemies at once.


Message History

* * * LOW HITPOINT WARNING * * *
The orc hits you with a +0 dagger.
* * * LOW HITPOINT WARNING * * *
You slash the orc!
You kill the orc!
You closely miss the orc. Your grab misses the orc. Your slash misses the orc.
You squeeze the orc.
The orc is heavily wounded.
The orc barely misses you. The orc hits you with a +0 dagger.
* * * LOW HITPOINT WARNING * * *
You slash the orc!
You kill the orc!
The orc closely misses you.
You slash the orc!
You kill the orc!
You start resting.
You feel a strong urge to attack something.
You start resting.
You are no longer berserk.
You are exhausted.
You feel yourself slow down.
You start resting.
A gnoll sergeant is nearby!
You closely miss the gnoll sergeant.
The gnoll sergeant shouts!
You grab the gnoll sergeant.
You feel yourself speed up.
You constrict the gnoll sergeant, but do no damage.
The gnoll sergeant barely misses you.
You hit the gnoll sergeant.
You slash the gnoll sergeant, but do no damage.
You squeeze the gnoll sergeant, but do no damage.
The gnoll sergeant is lightly wounded.
You constrict the gnoll sergeant. The gnoll completely misses you.
The gnoll sergeant hits you with a +0 spear!
* * * LOW HITPOINT WARNING * * *
You are confused.
You feel invigorated.
You constrict the gnoll sergeant. The gnoll misses you.
The gnoll sergeant hits you with a +0 spear!
You die...

#... #.####..# #
#..# .## #. #..# #
...# #.# #..# #8
##8 .... #..> ..#
##8.. 8.. ....
##...# #.# ####...
... ...#
#....g##g###..#>...
... # .
#....)@......###..
... .>
#....)##...[..# 8..
g# ##...# ####.###
##8 .# ##.# #.# ###
. #. #.# #.# #
#.########.#
#..........#
#..######### #....#


You could see a gnoll sergeant and a gnoll.

Vanquished Creatures
  Pikel (D:6)
  Grinder (D:5)
  A steam dragon (D:6)
  Duvessa (D:5)
  4 ice beasts
  An orc warrior (D:7)
  A black bear (D:7)
  An ogre (D:5)
  A centaur (D:6)
  A phantom (D:4)
  A kobold brigand (D:6)
  A bullfrog (D:6)
  A scorpion (D:7)
  A wight (D:7)
  Dowan (D:5)
  A bombardier beetle (D:6)
  A howler monkey (D:5)
  2 hounds
  A jelly (D:6)
  2 sleepcaps
  A gnoll bouda (D:4)
  2 iguanas
  2 orc wizards (D:7)
  Robin (D:2)
  8 gnolls
  12 adders
  A shadow imp (D:7)
  A white imp (D:6)
  2 ufetubi (D:6)
  5 dart slugs
  2 ribbon worms
  14 orcs
  10 ball pythons
  6 bats
  3 endoplasms
  A giant cockroach (D:3)
  13 goblins
  7 hobgoblins
  13 kobolds
  5 quokkas
  6 frilled lizards
  3 rats (D:1)
143 creatures vanquished.

Notes
Turn   | Place    | Note
-------+----------+-------------------------------------------
     0 | D:1      | Killerpretzel the Octopode Shapeshifter began the quest for
                  | the Orb.
     0 | D:1      | Reached XP level 1. HP: 13/13 MP: 1/1
   187 | D:1      | Reached XP level 2. HP: 17/18 MP: 2/2
   472 | D:1      | Reached XP level 3. HP: 23/23 MP: 3/3
  1144 | D:2      | Found a faded altar of an unknown god.
  1198 | D:2      | Noticed Robin
  1312 | D:2      | Killed Robin
  1313 | D:2      | Reached XP level 4. HP: 24/29 MP: 4/4
  1442 | D:2      | Found Lintoif's Antique Armour Emporium.
  1704 | D:2      | Found a basalt altar of Yredelemnul.
  2896 | D:3      | Found a bloodstained altar of Trog.
  3399 | D:3      | Reached skill level 4 in Shapeshifting
  3413 | D:3      | Found Geakhlub's Distillery.
  3636 | D:4      | Reached XP level 5. HP: 34/34 MP: 5/5
  3731 | D:4      | Noticed a phantom
  3741 | D:4      | Killed a phantom
  3742 | D:4      | Reached XP level 6. HP: 27/41 MP: 6/6
  3886 | D:4      | Identified the +0 trident "Orb Guardian's Foe" {freeze,
                  | rPois rC- Int+5}
  4537 | D:4      | Found an ornate altar of the Wu Jian Council.
  4547 | D:5      | Entered Level 5 of the Dungeon
  4616 | D:5      | Noticed Duvessa
  4616 | D:5      | Noticed Dowan
  4657 | D:5      | Reached skill level 5 in Shapeshifting
  4657 | D:5      | Reached XP level 7. HP: 45/46 MP: 7/7
  4657 | D:5      | Noticed Grinder
  4678 | D:5      | Paralysed by Grinder for 5 turns
  4689 | D:5      | Killed Grinder
  5038 | D:5      | Reached skill level 5 in Unarmed Combat
  5038 | D:5      | Reached skill level 6 in Shapeshifting
  5038 | D:5      | Reached XP level 8. HP: 24/54 MP: 8/8
  5211 | D:5      | Identified the +0 tower shield of Loenu {Dex+4}
  5213 | D:5      | Found Ryst's Gadget Gallery.
  5403 | D:5      | Killed Dowan
  5411 | D:5      | Killed Duvessa
  5904 | D:6      | Reached skill level 1 in Shields
  6176 | D:6      | Found an ancient bone altar of Kikubaaqudgha.
  6212 | D:6      | Reached skill level 5 in Dodging
  6506 | D:7      | Found a staircase to the Ecumenical Temple.
  6584 | D:7      | Noticed Pikel
  6633 | D:6      | Killed Pikel
  6634 | D:6      | Reached skill level 5 in Fighting
  6634 | D:6      | Reached skill level 7 in Shapeshifting
  6634 | D:6      | Reached XP level 9. HP: 49/61 MP: 9/9
  6946 | D:7      | Found a glowing golden altar of the Shining One.
  7375 | D:7      | Slain by a gnoll sergeant

Illustrated notes

Levels and vault maps discovered:
D:1:      lightli_arrival_statue_moat, layout_basic,
          nicolae_houndstooth_variations
D:2:      layout_basic, serial_shops, nicolae_shop_tiny_glass, basic_altar,
          nicolae_ecumenical_oubliette, small_statue_intersection, uniq_robin
D:3:      layout_basic, lightli_temple_of_fire, serial_shops,
          nicolae_shop_tiny_statue_garden, hex_large
D:4:      minmay_octagon_keep, layout_cave_pools, nzn_wu_jian_council_hall,
          chequers_serial_rivers_micro_b, minivault_26,
          nicolae_concentric_dashed_squares_mild
D:5:      layout_rooms, amethyst_killhole, nicolae_shop_gadgets, uniq_duvessa,
          uniq_grinder
D:6:      layout_rooms, lemuel_round_altar
D:7:      layout_loops_ring, nicolae_overflow_hidden_temple, lemuel_round_altar,
          minmay_temple_entry_crystal_x, palyth_stone_intersect,
          minmay_liquid_box, uniq_pikel

Skill      XL: |  1  2  3  4  5  6  7  8  9 |
---------------+----------------------------+-----
Fighting       | 2 3 5 |  5.4
Shapeshifting  | 4 5 6 7 |  7.7
Dodging        | 3 4 5 |  5.8
Unarmed Combat | 4 5 6 |  6.2
Shields        | 2 3 |  3.3

Action                     |  1- 3 |  4- 6 |  7- 9 || total
---------------------------+-------+-------+-------++-------
  Melee: Unarmed           |    53 |       |    11 ||    64
         Constrict         |    23 |    27 |    25 ||    75
         Tentacles         |    11 |    21 |    30 ||    62
         Short sword       |    26 |    98 |   156 ||   280
         Punch             |     2 |     3 |     5 ||    10
    Use: Scroll            |     4 |       |    17 ||    21
         Potion            |       |       |     8 ||     8
   Stab: Sleeping          |     9 |     5 |     3 ||    17
 Armour: Skin              |    31 |    42 |    79 ||   152
  Dodge: Dodged            |    62 |    55 |   108 ||   225
  Block: Buckler           |       |     7 |    37 ||    44
   Form: Blade             |       |       |     2 ||     2
